 Dungeon Crawl Stone Soup version 0.25.1-4-g9407a263a5 (webtiles) character file.

Game seed: 7750747651202409415

2920 Cazemata the Cleaver (level 9, -1/79 HPs)
             Began as a Minotaur Berserker on Nov 27, 2020.
             Was an Elder of Trog.
             Slain by a manticore (10 damage)
             ... on level 6 of the Dungeon.
             The game lasted 00:16:41 (7144 turns).

Cazemata the Cleaver (Minotaur Berserker)           Turns: 7144, Time: 00:16:41

Health: -1/79      AC: 10    Str: 22      XL:     9   Next: 50%
Magic:  8/8        EV: 10    Int:  3 (6)  God:    Trog [****..]
Gold:   277        SH:  0    Dex: 10 (11) Spells: 8/8 levels left

rFire    x . .     SeeInvis .   a - +2 hand axe
rCold    + . .     Gourm    .   (no shield)
rNeg     . . .     Faith    .   r - +2 scale mail {MR+}
rPois    .         Spirit   .   (helmet restricted)
rElec    .         Reflect  .   f - +0 cloak
rCorr    .         Harm     .   A - +0 pair of gloves
MR       +++..                  (no boots)
Stlth    ..........             (no amulet)
HPRegen  1.23/turn              d - ring of ice
MPRegen  0.11/turn              (no ring)

@: barbed spikes, regenerating
A: retaliatory headbutt, horns 2
a: Berserk, Trog's Hand, Brothers in Arms, Renounce Religion


You were on level 6 of the Dungeon.
You worshipped Trog.
Trog was greatly pleased with you.
You were not hungry.

You visited 2 branches of the dungeon, and saw 7 of its levels.

You collected 277 gold pieces.

Inventory:

Hand Weapons
 a - a +2 hand axe (weapon)
 p - a +4 mace
 B - a +1 dire flail of holy wrath
Missiles
 w - 28 poisoned darts (quivered)
 C - 3 throwing nets
Armour
 f - a +0 cloak (worn)
 r - a +2 scale mail of magic resistance (worn)
 s - a +0 troll leather armour {Purgy}
 v - a +0 kite shield
 A - a +0 pair of gloves (worn)
Jewellery
 d - a ring of ice (left hand)
 k - an uncursed ring of protection from magic {unknown}
Wands
 y - a wand of polymorph (11)
Scrolls
 b - 3 scrolls of identify
 j - 3 scrolls of teleportation
 m - 2 scrolls of amnesia {unknown}
 n - a scroll of fear
 t - a scroll of blinking {unknown}
 u - 2 scrolls of remove curse
 z - a scroll of enchant armour {unknown}
 D - a scroll of immolation {unknown}
 F - a scroll of fog {unknown}
Potions
 e - 3 potions of curing
 g - 2 potions of degeneration
 o - a potion of ambrosia
 x - 4 potions of heal wounds
Comestibles
 c - 14 rations


   Skills:
 * Level 7.3 Fighting
 - Level 14.2 Axes
 - Level 2.4 Armour
 - Level 2.1 Dodging


You had 8 spell levels left.
You didn't know any spells.
Your spell library was empty.

Dungeon Overview and Level Annotations

Branches:
Dungeon (6/15)             Temple (1/1) D:4

Altars:
Ashenzari
Cheibriados
Dithmenos
Elyvilon
Fedhas
Kikubaaqudgha
Makhleb
Nemelex Xobeh
Okawaru
Qazlal
Ru
Uskayaw
Vehumet
Wu Jian
Xom
Yredelemnul
Zin
The Shining One

Shops:
D:6 [*

Annotations:
D:6 3 runed translucent doors


Innate Abilities, Weirdness & Mutations

You reflexively headbutt those who attack you in melee.
You have a pair of horns on your head.


Message History

The manticore claws you but does no damage. x2
You slash the manticore! Your headbutt misses the manticore.
The manticore is moderately wounded.
You hit the manticore.
You headbutt the manticore, but do no damage.
The manticore is moderately wounded.
The manticore bites you but does no damage.
The manticore claws you! The manticore claws you.
You slash the manticore! You headbutt the manticore.
The manticore is heavily wounded.
You hit the manticore. You headbutt the manticore.
The manticore is severely wounded.
The manticore bites you!!
* * * LOW HITPOINT WARNING * * *
The manticore barely misses you. The manticore claws you!
* * * LOW HITPOINT WARNING * * *
You hit the manticore. Your headbutt misses the manticore.
The manticore is severely wounded.
The manticore bites you!
You die...

#.##..# #..##.##.
###.#...####.........####...#.##.
...........+.........+...........
###.#...### ....!....####>......>
#.##.## ....... ##.##.### #.####
..... ####.# #.# ... #.# #.###
#H# #.# #...# #@# #.# #...# #.#
#.# #...# ##.## #.# ##.##
###...##### #.# #.# #.........#
#.# #.# #.#<..###.# #.# #.#####
#.##.####.#######.#
#....)####.##..............#
#####))........###.#########


You could see a manticore.

Vanquished Creatures
  Pikel (D:5)
  Prince Ribbit (D:6)
  Grinder (D:3)
  Sigmund (D:2)
  Eustachio (D:5)
  Edmund (D:5)
  Duvessa (D:4)
  An orc warrior (D:6)
  Purgy (D:4)
  3 sky beasts
  2 slaves (D:5)
  A centaur (D:5)
  Dowan (D:4)
  A bullfrog (D:6)
  2 scorpions
  A howler monkey (D:5)
  2 hounds (D:4)
  2 bullfrog zombies
  A jelly (D:6)
  A bullfrog skeleton (D:4)
  3 centaur skeletons
  Crazy Yiuf (D:2)
  Terence (D:2)
  3 worker ants
  2 orc wizards
  A hound zombie (D:6)
  Robin (D:4)
  10 gnolls
  A howler monkey skeleton (D:6)
  6 adders
  A shadow imp (D:5)
  2 oozes
  An adder skeleton (D:4)
  A worm (D:4)
  2 dart slugs
  2 leopard geckos
  17 orcs
  2 ball pythons
  10 bats
  3 giant cockroaches
  13 goblins
  9 hobgoblins
  4 jackals (D:2)
  8 kobolds
  3 quokkas (D:4)
  6 frilled lizards
  A leopard gecko skeleton (D:5)
  2 rats (D:1)
  A fungus (D:2)
143 creatures vanquished.

Notes
Turn   | Place    | Note
-------+----------+-------------------------------------------
     0 | D:1      | Cazemata the Minotaur Berserker began the quest for the
                  | Orb.
     0 | D:1      | Reached XP level 1. HP: 19/19 MP: 0/0
   268 | D:1      | Reached skill level 4 in Axes
   459 | D:1      | Reached XP level 2. HP: 21/26 MP: 1/1
  1163 | D:1      | Reached skill level 5 in Axes
  1557 | D:2      | Reached XP level 3. HP: 29/31 MP: 2/2
  1617 | D:2      | Noticed Sigmund
  1623 | D:2      | Killed Sigmund
  1623 | D:2      | Reached skill level 7 in Axes
  1623 | D:2      | Reached XP level 4. HP: 39/39 MP: 3/3
  1623 | D:2      | Reached XP level 5. HP: 45/45 MP: 4/4
  1848 | D:2      | Reached ** piety under Trog
  2055 | D:2      | Noticed Terence
  2071 | D:2      | Killed Terence
  2507 | D:2      | Found a runed translucent door.
  2508 | D:2      | Noticed Crazy Yiuf
  2518 | D:2      | Killed Crazy Yiuf
  2518 | D:2      | Reached skill level 8 in Axes
  2762 | D:3      | Found a blossoming altar of Fedhas.
  2780 | D:3      | Reached XP level 6. HP: 51/51 MP: 5/5
  3097 | D:3      | Noticed Grinder
  3116 | D:3      | Paralysed by Grinder for 6 turns
  3122 | D:3      | Killed Grinder
  3122 | D:3      | Reached skill level 9 in Axes
  3610 | D:3      | Found a faded altar of an unknown god.
  3739 | D:4      | Noticed Robin
  3755 | D:4      | Killed Robin
  3794 | D:4      | Noticed Purgy
  3808 | D:4      | Killed Purgy
  3808 | D:4      | Reached XP level 7. HP: 57/57 MP: 6/6
  3822 | D:4      | Reached skill level 10 in Axes
  3891 | D:4      | Found a staircase to the Ecumenical Temple.
  3894 | D:4      | Noticed Duvessa
  3911 | D:4      | Killed Duvessa
  3912 | D:4      | Noticed Dowan
  3929 | D:4      | Killed Dowan
  3954 | Temple   | Entered the Ecumenical Temple
  4136 | D:4      | Reached skill level 11 in Axes
  4178 | D:4      | Reached *** piety under Trog
  4751 | D:5      | Entered Level 5 of the Dungeon
  4789 | D:5      | Reached XP level 8. HP: 64/64 MP: 7/7
  4877 | D:5      | Reached skill level 12 in Axes
  4976 | D:5      | Found a shimmering altar of Xom.
  5311 | D:5      | Noticed Edmund
  5335 | D:5      | Killed Edmund
  5634 | D:5      | Reached skill level 13 in Axes
  5815 | D:5      | Noticed Eustachio
  5827 | D:5      | Killed Eustachio
  5934 | D:5      | Noticed Pikel
  5962 | D:5      | Killed Pikel
  5962 | D:5      | Reached skill level 14 in Axes
  5962 | D:5      | Reached XP level 9. HP: 57/70 MP: 8/8
  6175 | D:6      | Found Zin's Purification Station.
  6194 | D:6      | Found a radiant altar of Vehumet.
  6300 | D:6      | Found a runed translucent gate.
  6300 | D:6      | Found a runed translucent gate.
  6301 | D:6      | Found a runed translucent gate.
  6334 | D:6      | Found a glowing silver altar of Zin.
  6446 | D:6      | Noticed Prince Ribbit
  6468 | D:6      | Killed Prince Ribbit
  6468 | D:6      | Reached skill level 5 in Fighting
  6815 | D:6      | Reached **** piety under Trog
  6825 | D:6      | Found Gikuyhes's Armour Boutique.
  7134 | D:6      | Noticed a manticore
  7144 | D:6      | Slain by a manticore

Illustrated notes

Levels and vault maps discovered:
D:1:      nicolae_arrival_somewhat_less_tricky_arrival, layout_basic
D:2:      layout_basic, uniq_terence, uniq_crazy_yiuf_cottage, uniq_sigmund
D:3:      layout_loops_corners, old_standard_altar,
          chequers_ecumenical_altar_simple_redux, uniq_grinder
D:4:      layout_basic, minmay_temple_entry_tees, first_ration, uniq_duvessa,
          uniq_purgy, uniq_robin
D:5:      layout_loops_ring, basic_altar, uniq_pikel, uniq_eustachio,
          uniq_edmund
D:6:      layout_loops_corners, overflow_temple_1_default, zin_purify,
          serial_shops, shop, gammafunk_ghost_cemetery, serial_rivers,
          chequers_serial_rivers_micro_a, chequers_serial_rivers_small_a,
          chequers_serial_rivers_micro_a, chequers_serial_rivers_small_b,
          uniq_prince_ribbit1
Temple:   regret_index_temple_waves

Skill      XL: |  1  2  3  4  5  6  7  8  9 |
---------------+----------------------------+-----
Axes           | 4 5 7 8 9 11 14 | 14.2
Fighting       | 7 |  7.3
Armour         | |  2.4
Dodging        | |  2.1

Action                   |  1- 3 |  4- 6 |  7- 9 || total
-------------------------+-------+-------+-------++-------
Melee: Hand axe          |    56 |   114 |   343 ||   513
       Headbutt          |     2 |    20 |    76 ||    98
Invok: Berserk           |     1 |       |       ||     1
       Trog's Hand       |       |     2 |     3 ||     5
  Use: Scroll            |       |     7 |       ||     7
       Potion            |       |       |    10 ||    10
 Stab: Invisible         |       |     1 |       ||     1
  Eat: Chunk             |     2 |     8 |    12 ||    22
Armor: Animal skin       |     9 |       |       ||     9
       Ring mail         |       |    10 |       ||    10
       Scale mail        |       |    32 |    98 ||   130
Dodge: Dodged            |    34 |    48 |    86 ||   168
